 Dungeon Crawl Stone Soup version 0.30-a0-297-g0ec75d9ef4 (webtiles) character file.

Game seed: 5096708098295044795

12750 drewk1942 the Cleaver (level 11, -2/102 HPs)
             Began as a Minotaur Fighter on Oct 19, 2022.
             Was a High Priest of Okawaru.
             Slain by an orc knight
             ... wielding a +0 glaive
              (7 damage)
             ... in a bailey.
             The game lasted 00:24:49 (9839 turns).

drewk1942 the Cleaver (Minotaur Fighter)            Turns: 9839, Time: 00:24:49

Health: -2/102     AC: 29    Str: 25    XL:     11   Next: 66%
Magic:  5/10       EV:  7    Int:  5    God:    Okawaru [*****.]
Gold:   316        SH: 10    Dex: 10    Spells: 10/10 levels left

rFire   . . .      SeeInvis +    a - +0 war axe (flame)
rCold   . . .      Faith    .    c - +0 buckler
rNeg    . . .      Spirit   .    A - +6 plate armour
rPois   .          Reflect  +    (helmet restricted)
rElec   .          Harm     .    N - +0 cloak
rCorr   .          Rampage  .    (no gloves)
Will    .....                    k - +0 pair of boots
Stlth   ..........               I - amulet of reflection
HPRegen 0.37/turn                q - ring of see invisible
MPRegen 0.12/turn                C - +4 ring of protection

@: studying Unarmed Combat
A: horns 2, retaliatory headbutt
a: Renounce Religion, Heroism, Finesse, Duel


You were in a bailey.
You worshipped Okawaru.
Okawaru was extremely pleased with you.
You visited 2 branches of the dungeon, and saw 11 of its levels.
You also visited: Bailey.

You collected 440 gold pieces.
You spent 90 gold pieces at shops.
You donated 34 gold pieces to Zin.

Inventory:

Hand Weapons
 a - a +0 war axe of flaming (weapon)
 l - a +3 dagger of draining
Missiles
 h - 10 boomerangs (quivered)
 o - 92 stones
 D - 6 javelins
 G - 28 poisoned darts
 M - 2 throwing nets
Armour
 b - a +0 scale mail
 c - a +0 buckler (worn)
 k - a +0 pair of boots (worn)
 w - a +2 robe of willpower
 A - a +6 plate armour (worn)
 H - a +2 scale mail of poison resistance
 N - a +0 cloak (worn)
Jewellery
 q - a ring of see invisible (left hand)
 C - a +4 ring of protection (right hand)
 I - an amulet of reflection (around neck)
 L - a ring of willpower
Wands
 u - a wand of charming (19)
 E - a wand of flame (33)
 J - a wand of iceblast (8)
Scrolls
 f - 2 scrolls of identify
 j - 2 scrolls of vulnerability
 p - 5 scrolls of immolation
 s - 7 scrolls of teleportation
 y - a scroll of enchant weapon
 z - a scroll of poison
 B - 2 scrolls of noise
 F - a scroll of magic mapping
 O - 3 scrolls of amnesia
Potions
 d - 2 potions of might
 e - 8 potions of curing
 g - 2 potions of ambrosia
 i - a potion of flight
 m - a potion of mutation
 n - 4 potions of heal wounds
 r - a potion of magic {unknown}
 t - 2 potions of brilliance
 v - a potion of lignification
 x - a potion of degeneration {unknown}
 K - a potion of cancellation {unknown}


   Skills:
 + Level 11.1 Fighting
 * Level 14.8 Axes
 * Level 13.1 Armour
 - Level 5.7 Shields


You had 10 spell levels left.
You didn't know any spells.
Your spell library contained the following spells:

 Spells                   Type           Power      Damage    Failure   Level
 Alistair's Intoxication  Tmut/Pois      0%         N/A       100%        5
 Borgnjor's Vile Clutch   Necr/Erth      0%         N/A       100%        5
 Eringya's Noxious Bog    Tmut/Pois      0%         N/A       100%        6


Dungeon Overview and Level Annotations

Branches:
Dungeon (10/15)            Temple (1/1) D:7            Lair (0/5) D:9
 Bailey (1/1)
    Orc: D:9-12

Altars:
Ashenzari
Cheibriados
Dithmenos
Elyvilon
Fedhas
Gozag
Hepliaklqana
Kikubaaqudgha
Makhleb
Nemelex Xobeh
Okawaru
Qazlal
Ru
Sif Muna
Trog
Uskayaw
Vehumet
Wu Jian
Xom
Yredelemnul
Zin
The Shining One

Shops:
D:4 (   D:5 *   D:7 :   D:8 =


Innate Abilities, Weirdness & Mutations

You have a pair of horns on your head.
You reflexively headbutt those who attack you in melee.


Message History

You barely miss the orc warrior.
The orc warrior is severely wounded.
You closely miss the orc warrior.
The orc warrior is severely wounded.
You slice the orc warrior!! You burn the orc warrior.
You kill the orc warrior!
Okawaru accepts your kill.
You hear a splash. x2
Things that are here:
a +0 spear; a +0 scale mail Your hands slow down.
You block the orc knight's attack.
You feel like a meek peon again.
The orc knight hits you with a +0 glaive!
* * * LOW HITPOINT WARNING * * *
Things that are here:
a +0 bardiche; a +0 chain mail; an orc corpse You slash the orc knight!
You burn the orc knight. Your headbutt misses the orc knight.
The orc knight is moderately wounded.
The orc knight barely misses you.
You barely miss the orc knight.
The orc knight is moderately wounded.
You block the orc knight's attack.
You hit the orc knight. You burn the orc knight. You headbutt the orc knight!
The orc knight is heavily wounded.
You block the orc knight's attack.
You hit the orc knight. You burn the orc knight. You headbutt the orc knight!
The orc knight is severely wounded.
You block the orc knight's attack.
You closely miss the orc knight. You headbutt the orc knight.
The orc knight is severely wounded.
You closely miss the orc knight.
The orc knight is severely wounded.
The orc knight hits you with a +0 glaive!!
* * * LOW HITPOINT WARNING * * *
You miss the orc knight.
The orc knight is severely wounded.
The orc knight hits you with a +0 glaive!
You die...

########### ##.........##
##..~~~~~~~..##
##..~~.)...~~..##
###).~~..###..~~..##########
....))..## ##..~~..........#
~))~)..##.∩.##..)~)~)~~~~~.#
......##.....##o@.)......~.#
##########+###)#########.~.#
........# ##.~.# ≈≈≈§≈≈≈oo#
##..~.# # §..§.o≈≈..##
##..~~.# #
..⌠∩⌠......#'#..~~.∩# #
...⌠.§.≈≈..#'#..~~.## #.##
≈.....≈≈..##.##..~~.# .$.#
≈≈≈§§≈§..+#...##).~.#


You could see an orc knight.

Vanquished Creatures
  Erica (D:10)
  2 two-headed ogres (D:8)
  Nergalle (D:10)
  2 orc knights (Bailey)
  Pikel (D:5)
  Joseph (D:7)
  A troll (D:10)
  Grinder (D:3)
  A hornet (D:8)
  3 wyverns
  A wraith (D:9)
  12 yaks (D:9)
  A steam dragon (D:7)
  Menkaure (D:6)
  3 water moccasins
  10 orc warriors
  An ice beast (D:7)
  4 sky beasts
  4 ogres
  A centaur (D:6)
  4 kobold brigands
  3 bullfrogs
  A gnoll sergeant (D:8)
  4 scorpions
  10 wights
  20 killer bees
  2 howler monkeys (D:7)
  2 jellies
  4 orc priests (D:8)
  6 hounds
  A gnoll bouda (D:8)
  6 iguanas
  Jessica (D:3)
  15 orc wizards
  Natasha (thrice) (D:3)
  Robin (D:2)
  9 gnolls (D:8)
  5 adders
  A white imp (D:7)
  An ufetubus (D:5)
  A dart slug (D:2)
  49 orcs
  5 bats
  5 endoplasms
  2 giant cockroaches
  11 goblins
  11 hobgoblins
  29 kobolds
  A quokka (D:4)
  6 ball pythons
  2 frilled lizards (D:3)
  3 rats
276 creatures vanquished.

Vanquished Creatures (collateral kills)
  A scorpion (D:6)
  A jelly (D:4)
  An orc (D:6)
  A kobold (D:4)
4 creatures vanquished.

Vanquished Creatures (others)
  An orc wizard (D:7)
  An orc (D:5)
  2 plants (D:5)
4 creatures vanquished.

Grand Total: 284 creatures vanquished

Notes
Turn   | Place    | Note
-------+----------+-------------------------------------------
     0 | D:1      | drewk1942 the Minotaur Fighter began the quest for the Orb.
     0 | D:1      | Reached XP level 1. HP: 19/19 MP: 0/0
   271 | D:1      | Reached skill level 3 in Axes
   271 | D:1      | Reached XP level 2. HP: 27/27 MP: 1/1
   650 | D:2      | Found a shadowy altar of Dithmenos.
  1037 | D:2      | Noticed Robin
  1040 | D:2      | Reached XP level 3. HP: 31/33 MP: 2/2
  1051 | D:2      | Killed Robin
  1192 | D:2      | Reached skill level 4 in Axes
  1620 | D:3      | Found a faded altar of an unknown god.
  1769 | D:3      | Reached XP level 4. HP: 36/41 MP: 3/3
  1936 | D:3      | Noticed Grinder
  1939 | D:3      | Paralysed by Grinder for 2 turns
  1967 | D:3      | Paralysed by Grinder for 2 turns
  1988 | D:3      | Killed Grinder
  1989 | D:3      | Reached skill level 5 in Fighting
  1989 | D:3      | Reached skill level 5 in Axes
  1989 | D:3      | Reached skill level 5 in Shields
  1989 | D:3      | Reached XP level 5. HP: 27/48 MP: 4/4
  1989 | D:3      | Reached XP level 6. HP: 31/56 MP: 5/5
  2097 | D:3      | Noticed Natasha
  2102 | D:3      | Killed Natasha
  2332 | D:3      | Noticed Jessica
  2335 | D:3      | Killed Jessica
  2336 | D:3      | Reached skill level 6 in Axes
  2488 | D:3      | Noticed Natasha
  2494 | D:3      | Killed Natasha
  2871 | D:3      | Noticed Natasha
  2877 | D:3      | Killed Natasha
  2967 | D:4      | Reached XP level 7. HP: 32/62 MP: 6/6
  2990 | D:4      | Found Azekkod's Weapon Shop.
  3166 | D:4      | Found a hazy altar of Hepliaklqana.
  3224 | D:4      | Reached skill level 7 in Axes
  3434 | D:4      | Found a glowing silver altar of Zin.
  3434 | D:4      | Noticed an angel
  3510 | D:4      | Became a worshipper of Zin the Law-Giver
  3510 | D:4      | Reached * piety under Zin
  3650 | D:5      | Entered Level 5 of the Dungeon
  3764 | D:5      | Found Meowiru's General Store.
  3768 | D:5      | Bought a scroll of enchant armour for 90 gold pieces
  3805 | D:5      | Noticed Pikel
  3820 | D:5      | Killed Pikel
  3821 | D:5      | Reached skill level 8 in Axes
  3821 | D:5      | Reached skill level 5 in Armour
  3821 | D:5      | Reached XP level 8. HP: 54/73 MP: 7/7
  3828 | D:5      | Reached skill level 9 in Axes
  4890 | D:6      | Reached skill level 10 in Axes
  4901 | D:6      | Reached ** piety under Zin
  4922 | D:6      | Reached XP level 9. HP: 81/81 MP: 8/8
  5361 | D:6      | Noticed Menkaure
  5376 | D:6      | Killed Menkaure
  5723 | D:6      | Found a radiant altar of Vehumet.
  5723 | D:6      | Found a stormy altar of Qazlal.
  6134 | D:7      | Reached skill level 11 in Axes
  6189 | D:7      | Found a staircase to the Ecumenical Temple.
  6230 | D:7      | Found a hide-covered altar of Uskayaw.
  6230 | D:7      | Found an ornate altar of the Wu Jian Council.
  6230 | D:7      | Found a blossoming altar of Fedhas.
  6230 | D:7      | Found an opulent altar of Gozag.
  6248 | D:7      | Found a burning altar of Makhleb.
  6248 | D:7      | Found a sparkling altar of Nemelex Xobeh.
  6273 | D:7      | Reached *** piety under Zin
  6294 | Temple   | Entered the Ecumenical Temple
  6400 | Temple   | Fell from the grace of Zin
  6400 | Temple   | Became a worshipper of Warmaster Okawaru
  6671 | D:7      | Noticed Joseph
  6723 | D:7      | Killed Joseph
  6723 | D:7      | Reached * piety under Okawaru
  6871 | D:7      | Reached XP level 10. HP: 72/91 MP: 9/9
  6934 | D:7      | Found Gaattin's Book Emporium.
  6999 | D:7      | Reached skill level 12 in Axes
  7361 | D:8      | Noticed a two-headed ogre
  7370 | D:8      | Killed a two-headed ogre
  7370 | D:8      | Reached ** piety under Okawaru
  7371 | D:8      | Reached skill level 10 in Armour
  7441 | D:8      | Found a broken altar of Ashenzari.
  7460 | D:8      | Noticed a two-headed ogre
  7466 | D:8      | Killed a two-headed ogre
  7532 | D:8      | Found Hetiam's Jewellery Emporium.
  7695 | D:8      | Reached skill level 13 in Axes
  7714 | D:8      | Found a shadowy altar of Dithmenos.
  8039 | D:9      | Reached *** piety under Okawaru
  8046 | D:9      | Reached skill level 10 in Fighting
  8085 | D:9      | Found a staircase to the Lair.
  8262 | D:9      | Reached XP level 11. HP: 97/100 MP: 10/10
  8273 | D:9      | Reached **** piety under Okawaru
  8615 | D:9      | Reached skill level 14 in Axes
  9269 | D:10     | Entered Level 10 of the Dungeon
  9384 | D:10     | Noticed Erica
  9385 | D:10     | Noticed Nergalle
  9393 | D:10     | Noticed a spectral orc warlord
  9398 | D:10     | Killed Erica
  9405 | D:10     | Killed Nergalle
  9567 | D:10     | Found a flagged portal.
  9574 | D:10     | Reached ***** piety under Okawaru
  9586 | Bailey   | Entered a bailey
  9788 | Bailey   | Noticed an orc knight
  9789 | Bailey   | Noticed an orc knight
  9790 | Bailey   | Noticed an orc knight
  9818 | Bailey   | Killed an orc knight
  9825 | Bailey   | Killed an orc knight
  9838 | Bailey   | HP: 5/102 [orc knight/+0 glaive (20)]
  9839 | Bailey   | Slain by an orc knight

Illustrated notes

Levels and vault maps discovered:
D:1:      lightli_arrival_statuegarden, layout_basic
D:2:      layout_basic, basic_altar, uniq_robin
D:3:      layout_basic, hellmonk_ecumenical_altar_leap_of_faith,
          minmay_misc_feat_hallway, uniq_jessica, uniq_natasha, uniq_grinder
D:4:      layout_rooms, mainiacjoe_overflow_small_starburst, zin_angel,
          serial_shops, nicolae_shop_waterfront
D:5:      layout_layer_cave, serial_shops, shop_fountains, chequers_garden,
          serial_bayou_lagoon_a, kennysheep_cluttered_room, uniq_pikel
D:6:      layout_layer_cave, nicolae_overflow_two_pavilions,
          kennysheep_generic_room_5, uniq_menkaure
D:7:      minmay_flawed_box, layout_loops_ring, minmay_overflow_temple_hex,
          minmay_temple_entry_arrows, serial_shops, shop, uniq_joseph
D:8:      layout_basic, mainiacjoe_overflow_tiny_flanked,
          nicolae_dithmenos_the_darkroom, serial_shops, nicolae_square_shop
D:9:      layout_basic, lair_entry_dummy
D:10:     layout_loops_ring, enter_bailey_2, uniq_nergalle, uniq_erica
Temple:   eino_temple_lava
Bailey:   bailey_polearm_1, bailey

Skill      XL: |  1  2  3  4  5  6  7  8  9 10 11 |
---------------+----------------------------------+-----
Axes           | 3 4 5 6 8 10 11 13 14 | 14.8
Fighting       | 4 5 7 9 10 11 | 11.1
Shields        | 4 5 |  5.7
Armour         | 5 6 9 11 13 | 13.1

Action                   |  1- 3 |  4- 6 |  7- 9 | 10-12 || total
-------------------------+-------+-------+-------+-------++-------
Melee: War axe           |    82 |    69 |   253 |   359 ||   763
       Headbutt          |     8 |    10 |    40 |    63 ||   121
Throw: Boomerang         |       |       |     5 |       ||     5
Invok: Heroism           |       |       |       |     2 ||     2
       Finesse           |       |       |       |     1 ||     1
Evoke: Wand              |       |     1 |     2 |     1 ||     4
  Use: Scroll            |     2 |       |    16 |     4 ||    22
       Potion            |       |     1 |       |       ||     1
Armor: Scale mail        |    49 |    31 |    13 |       ||    93
       Plate armour      |       |       |   144 |   161 ||   305
Dodge: Dodged            |    36 |    33 |    60 |    92 ||   221
Block: Buckler           |    16 |    13 |    96 |   155 ||   280
       Reflection        |       |       |       |     2 ||     2

Table legend: (Time is in decaauts)
 A = Elapsed time spent in this place.
 B = Non-inter-level travel time spent in this place.
 C = Inter-level travel time spent in this place.
 D = Time resting spent in this place.
 E = Time spent auto-exploring this place.
 F = Levels seen in this place.
 G = Mean time per level.
                   A        B        C        D        E       F      G
               +--------+--------+--------+--------+--------+-----+--------+
         Total |   9861 |   8954 |    907 |    129 |   7077 |  12 |  821.8 |
       Dungeon |   9504 |   8605 |    899 |    129 |   6868 |  10 |  950.4 |
        Temple |    114 |    106 |      8 |      0 |     85 |   1 |  114.0 |
        Bailey |    242 |    242 |      0 |      0 |    124 |   1 |  242.0 |
               +--------+--------+--------+--------+--------+-----+--------+

Top non-repeatable levels by time:
     D:6: 1367 daAuts
     D:3: 1309 daAuts
     D:9: 1232 daAuts
     D:7: 1132 daAuts
     D:5: 1093 daAuts
     D:2: 975 daAuts
     D:4: 764 daAuts
     D:1: 660 daAuts
     D:8: 659 daAuts
    D:10: 310 daAuts
  Bailey: 242 daAuts
  Temple: 114 daAuts
